 Dungeon Crawl Stone Soup version 0.30-a0-845-g7c6808c8ce (webtiles) character file.

Game seed: 13949628411768127293

245 Demosthentine the Poker (level 5, 0/41 HPs)
             Began as a Demonspawn Gladiator on Mar 3, 2023.
             Constricted to death by Sigmund (4 damage)
             ... on level 3 of the Dungeon.
             The game lasted 00:04:10 (2328 turns).

Demosthentine the Poker (Demonspawn Gladiator)      Turns: 2328, Time: 00:04:11

Health: 0/41       AC:  4    Str: 16    XL:     5   Next: 83%
Magic:  5/5        EV: 11    Int:  9    God:
Gold:   60         SH:  0    Dex: 23    Spells: 4/4 levels left

rFire   . . .      SeeInvis .    a - +0 trident (freeze)
rCold   . . .      Faith    .    (no shield)
rNeg    . . .      Spirit   .    b - +0 leather armour
rPois   .          Reflect  .    c - +0 helmet
rElec   .          Rampage  .    (no cloak)
rCorr   .                        (no gloves)
Will    .....                    (no boots)
Stlth   +++                      (no amulet)
HPRegen 0.26/turn                g - +6 ring of dexterity
MPRegen 0.09/turn                (no ring)

@: mighty, grasped by roots, constricted
A: thin skeletal structure 1, demonic magic 2
a: no special abilities


You were on level 3 of the Dungeon.
You visited 1 branch of the dungeon, and saw 3 of its levels.

You collected 71 gold pieces.
You spent 11 gold pieces at shops.

Inventory:

Hand Weapons
 a - a +0 trident of freezing (weapon)
Missiles
 e - a javelin (quivered)
Armour
 b - a +0 leather armour (worn)
 c - a +0 helmet (worn)
Jewellery
 g - a +6 ring of dexterity (left hand)
Scrolls
 f - a scroll of teleportation
 h - a scroll of brand weapon
 i - 2 scrolls of identify
 j - a scroll of noise
Potions
 l - 2 potions of brilliance


   Skills:
 + Level 3.5 Fighting
 + Level 3.8 Polearms
 - Level 1.7 Throwing
 + Level 2.3 Armour
 + Level 3.7 Dodging


You had 4 spell levels left.
You didn't know any spells.
Your spell library contained the following spells:

 Spells                   Type           Power      Damage    Failure   Level
 Ignite Poison            Fire/Tmut/Pois 0%         N/A       82%         3
 Kindle Blastsparks       Fire/Tloc/Air  0%         2d10      82%         3
 Sticky Flame             Conj/Fire      0%         2d3       99%         4
 Freezing Cloud           Conj/Ice/Air   0%         6-21      100%        5
 Ignition                 Fire           0%         3d3       100%        8


Dungeon Overview and Level Annotations

Branches:
Dungeon (3/15)

Altars:
Okawaru

Shops:
D:2 :?!(:

Annotations:
D:3 Sigmund


Innate Abilities, Weirdness & Mutations

You have a somewhat thin skeletal structure. (Dex +2, Stealth+)
Spells you cast may paralyse nearby enemies.


Message History

Sigmund is nearby!
Sigmund is nearby!
Sigmund is nearby!
Sigmund gestures at you while chanting. The magic dart hits you.
Throw: throwing net
Press: ? - help, Q - select action, (/) - cycle Shift-Dir - straight line, f - Sigmund
Aim: Sigmund, wielding a +0 scythe, wearing a +0 robe and carrying a wand of roots (2) (61% to hit)
You throw a throwing net.
The throwing net closely misses Sigmund.
Sigmund zaps a wand.
The roots erupt in riotous growth!
The grasping roots grab you! The grasping roots constrict you.
You hear a bark!
You hear an angry hiss.
You hear a bark!
Unknown command.
You feel very mighty all of a sudden.
Sigmund hits you from afar with a +0 scythe.
The grasping roots constrict you.
You reach to attack!
You barely miss Sigmund.
Sigmund casts a spell.
Sigmund flickers and vanishes!
Deactivating autopickup; reactivate with Ctrl-A.
You are constricted.
No target in view!
No target in view!
No target in view!
No target in view!
No target in view!
You escape the roots grasp.
You hear a zap.
The roots erupt in riotous growth!
The grasping roots grab you!
The now-empty wand crumbles to dust.
You are constricted.
You hear an angry hiss.
You hear a bark!
You puncture something! You freeze something. Something hits you!
You are constricted!
You miss something. Something hits you!
* * * LOW HITPOINT WARNING * * *
You are constricted.
You die...

..............................
#.............................
............................#
...#.......................#
.#...........†.......)<...#
.........#.#..............#
#####.......##..........#.#
####................#..#
###......@{....(......
#####............#....)..
.........).(.....[........
######...........#.......
#......).<..........
#...................
...#.....$..#......
#.###........#[##... #..
............. ...


There were no monsters in sight!

Vanquished Creatures
  A black bear (D:2)
  Terence (D:2)
  Natasha (twice) (D:2)
  Robin (D:2)
  2 adders (D:2)
  A worm (D:2)
  An orc (D:3)
  6 ball pythons
  3 endoplasms
  2 giant cockroaches (D:1)
  12 goblins
  6 hobgoblins
  A quokka (D:1)
  3 bats
  2 frilled lizards (D:1)
  3 kobolds
  3 rats
50 creatures vanquished.

Notes
Turn   | Place    | Note
-------+----------+-------------------------------------------
     0 | D:1      | Demosthentine the Demonspawn Gladiator began the quest for
                  | the Orb.
     0 | D:1      | Reached XP level 1. HP: 16/16 MP: 1/1
   500 | D:1      | Gained mutation: You have a somewhat thin skeletal
                  | structure. (Dex +2, Stealth+) [demonic ancestry]
   500 | D:1      | Reached XP level 2. HP: 22/22 MP: 2/2
   733 | D:1      | Found a faded altar of an unknown god.
   876 | D:2      | Noticed Robin
   891 | D:2      | Killed Robin
   892 | D:2      | Reached skill level 1 in Armour
   892 | D:2      | Gained mutation: Spells you cast may paralyse adjacent
                  | enemies. [demonic ancestry]
   892 | D:2      | Reached XP level 3. HP: 23/28 MP: 3/3
   949 | D:2      | Found Isiq's Magic Scroll Shoppe.
   987 | D:2      | Found Tatepel's Book Emporium.
  1049 | D:2      | Noticed Terence
  1061 | D:2      | Killed Terence
  1062 | D:2      | Reached XP level 4. HP: 20/34 MP: 4/4
  1174 | D:2      | Found Haystram's Book Shoppe.
  1194 | D:2      | Found an iron altar of Okawaru.
  1202 | D:2      | Found Xiafeyki's Antique Weapon Emporium.
  1216 | D:2      | Found Paotife's Distillery.
  1237 | D:2      | Bought a potion of degeneration for 11 gold pieces
  1504 | D:3      | Noticed Sigmund
  1648 | D:3      | Noticed a black bear
  1661 | D:2      | Killed a black bear
  1662 | D:2      | Gained mutation: Spells you cast may paralyse nearby
                  | enemies. [demonic ancestry]
  1662 | D:2      | Reached XP level 5. HP: 27/41 MP: 5/5
  1784 | D:3      | Noticed Natasha
  1903 | D:2      | Killed Natasha
  1940 | D:2      | Noticed Natasha
  1957 | D:2      | HP: 2/41 [Natasha/magic dart (6)]
  1959 | D:2      | Killed Natasha
  2328 | D:3      | Constricted to death by Sigmund

Illustrated notes

Levels and vault maps discovered:
D:1:      roderic_chinese_lattice_arrival, layout_basic,
          hellmonk_ecumenical_altar_slurped_away
D:2:      layout_rooms, basic_altar, serial_shops,
          nicolae_shop_overgrown_old_shop, nicolae_shop_stone, shop,
          shop_fountains, shop_scrolls, bh_walls_and_bars, uniq_robin,
          uniq_terence
D:3:      layout_rooms, hellmonk_ghost_happy_afterlife,
          nicolae_concentric_dashed_squares_mild, minmay_pentangle,
          uniq_sigmund, uniq_natasha, uniq_crazy_yiuf_cottage

Skill      XL: |  1  2  3  4 |
---------------+-------------+-----
Polearms       | 3 |  3.8
Armour         | 1 2 |  2.3
Dodging        | 3 |  3.7
Fighting       | 3 |  3.5
Throwing       | |  1.7

Action                     |  1- 3 |  4- 6 || total
---------------------------+-------+-------++-------
  Melee: Trident           |    87 |    74 ||   161
         Punch             |       |     2 ||     2
  Throw: Throwing net      |       |     4 ||     4
         Javelin           |       |     1 ||     1
    Use: Scroll            |     3 |     5 ||     8
         Potion            |       |     1 ||     1
   Stab: Sleeping          |     3 |       ||     3
         Held in net/web   |       |     1 ||     1
 Armour: Leather armour    |    19 |    16 ||    35
  Dodge: Dodged            |    35 |    66 ||   101

Table legend: (Time is in decaauts)
 A = Elapsed time spent in this place.
 B = Non-inter-level travel time spent in this place.
 C = Inter-level travel time spent in this place.
 D = Time resting spent in this place.
 E = Time spent auto-exploring this place.
 F = Levels seen in this place.
 G = Mean time per level.
                   A        B        C        D        E       F      G
               +--------+--------+--------+--------+--------+-----+--------+
         Total |   2366 |   2348 |     18 |    371 |   1401 |   3 |  788.7 |
       Dungeon |   2366 |   2348 |     18 |    371 |   1401 |   3 |  788.7 |
               +--------+--------+--------+--------+--------+-----+--------+

Top non-repeatable levels by time:
     D:2: 1410 daAuts
     D:1: 851 daAuts
     D:3: 104 daAuts
